 Dungeon Crawl Stone Soup version 0.28.0-53-g5a82cb258f (webtiles) character file.

Game seed: 12654876872868972894

758 Legadrian the Skirmisher (level 7, -8/117 HPs)
             Began as a Troll Fighter on July 1, 2022.
             Was a Follower of Okawaru.
             Succumbed to Eustachio's poison
             ... on level 5 of the Dungeon.
             The game lasted 00:13:47 (3650 turns).

Legadrian the Skirmisher (Troll Fighter)            Turns: 3650, Time: 00:13:48

Health: -8/117     AC: 23    Str: 27    XL:     7   Next: 50%
Magic:  6/6        EV:  1    Int:  4    God:    Okawaru [*.....]
Gold:   190        SH:  0    Dex:  9    Spells: 6/6 levels left

rFire   . . .      SeeInvis .   g - +0 lajatang
rCold   . . .      Faith    .   (shield currently unavailable)
rNeg    . . .      Spirit   .   (armour currently unavailable)
rPois   +          Reflect  .   (helmet currently unavailable)
rElec   .          Harm     .   (cloak currently unavailable)
rCorr   .          Rampage  .   (gloves unavailable)
Will    .....      NoTele   +   (boots unavailable)
Stlth   +.........              (no amulet)
HPRegen 1.09/turn               (no ring)
MPRegen 0.10/turn               (no ring)

@: mighty, lethally poisoned (-8 -> -37), tree-form
A: stationary, stasis, torment immunity, boosted hp, large, unfitting armour,
(claws 3), regeneration 1, (shaggy fur 1), (tough skin 1)
a: Renounce Religion, Heroism


You were on level 5 of the Dungeon.
You worshipped Okawaru.
Okawaru was aware of your devotion.
You were a tree.
You visited 1 branch of the dungeon, and saw 5 of its levels.

You collected 190 gold pieces.

Inventory:

Hand Weapons
 g - a +0 lajatang (weapon)
 i - a +0 long sword
Missiles
 h - a throwing net (quivered)
Armour
 a - a +0 robe
 b - a +0 kite shield
 j - a +2 robe of willpower (melded)
 l - a +1 hat (melded)
Scrolls
 f - a scroll of magic mapping
 n - a scroll of amnesia
Potions
 d - 5 potions of curing
 m - a potion of haste {unknown}


   Skills:
 + Level 7.5 Fighting
 - Level 2.4 Dodging
 - Level 2.4 Shields
 - Level 2.0 Unarmed Combat


You had 6 spell levels left.
You didn't know any spells.
Your spell library contained the following spells:

 Spells                   Type           Power      Damage    Failure   Level
 Ozocubu's Armour         Ice            0%         N/A       86%         3
 Metabolic Englaciation   Hex/Ice        0%         N/A       100%        5
 Simulacrum               Ice/Necr       Unusable   N/A       N/A         6

Dungeon Overview and Level Annotations

Branches:
Dungeon (5/15)
 Temple: D:4-7

Altars:
Okawaru
Qazlal

Annotations:
D:5 Eustachio


Innate Abilities, Weirdness & Mutations

You are a tree.
Your roots penetrate the ground, keeping you stationary.
You cannot be teleported.
You are immune to unholy pain and torment.
Your maximum health is greatly increased.
Your equipment is partially melded.
You are too large for most types of armour.
((You have claws for hands.))
Your natural rate of healing is unusually fast.
((You are covered in fur. (AC +1)))
((You have tough skin. (AC +1)))


Message History

* * * LOW HITPOINT WARNING * * *
Eustachio hits you with a +0 rapier of venom!
* * * LOW HITPOINT WARNING * * *
You are more poisoned.
The river rat bites you.
* * * LOW HITPOINT WARNING * * *
Unknown command.
Okay, then.
You feel much better.
You feel extremely sick. The river rat bites you.
* * * LOW HITPOINT WARNING * * *
The river rat bites you.
* * * LOW HITPOINT WARNING * * *
Eustachio hits you with a +0 rapier of venom.
* * * LOW HITPOINT WARNING * * *
You are more poisoned.
The river rat closely misses you.
Okay, then.
Really quaff the potion of lignification?
You turn into a tree.
Your +1 hat melds into your body.
Your +2 robe of willpower melds into your body.
You feel less strong-willed.
Your roots penetrate the ground.
* * * LOW HITPOINT WARNING * * *
You feel extremely sick.
The river rat bites you but does no damage. x2
Eustachio hits you but does no damage.
You are more poisoned.
The river rat bites you but does no damage.
You closely miss Eustachio.
Eustachio is moderately wounded.
* * * LOW HITPOINT WARNING * * *
You feel extremely sick.
The river rat bites you but does no damage. x2
Eustachio hits you but does no damage.
You are more poisoned.
The river rat bites you but does no damage.
You hit the river rat.
The river rat is moderately wounded.
You die...

.....#.#####...........#
#..#.# #.(........... #....#
#...........#. #.#..#
#...........#. ##. ##.#..#
#...........#. ...# #..#..#
#.(.........##
.#...##..#..#####.........#..
...........rrr...........#..#
............♣###...........##
#..........@###...........#.
#........##..##..........##.
#........###.##..........#..
##.........##.##..........#.#
#...........#..##.........#.#
...####......#..........#...#
.#.###....................###
##
#.##.............†..#.######


You could see Eustachio and 3 river rats.

Vanquished Creatures
  Grinder (D:4)
  A phantom (D:5)
  A scorpion (D:5)
  2 water moccasin skeletons
  A centaur zombie (D:5)
  2 bullfrog zombies (D:5)
  An orc priest (D:3)
  An orc wizard (D:3)
  A hound skeleton (D:4)
  Robin (D:3)
  7 adders
  A worm (D:2)
  2 dart slugs
  3 orcs
  6 ball pythons
  7 bats
  An endoplasm (D:3)
  A giant cockroach (D:2)
  13 goblins
  9 hobgoblins
  11 jackals
  5 quokkas
  3 frilled lizards (D:1)
  3 kobolds
  5 rats
89 creatures vanquished.

Notes
Turn   | Place    | Note
-------+----------+-------------------------------------------
     0 | D:1      | Legadrian the Troll Fighter began the quest for the Orb.
     0 | D:1      | Reached XP level 1. HP: 22/22 MP: 0/0
    79 | D:1      | Found a faded altar of an unknown god.
   114 | D:1      | Reached XP level 2. HP: 29/29 MP: 1/1
   119 | D:1      | Reached skill level 3 in Fighting
  1205 | D:2      | Reached XP level 3. HP: 37/37 MP: 2/2
  1436 | D:2      | Found an iron altar of Okawaru.
  1452 | D:2      | Became a worshipper of Warmaster Okawaru
  1712 | D:3      | Reached skill level 4 in Fighting
  1726 | D:3      | Reached XP level 4. HP: 29/48 MP: 3/3
  1987 | D:3      | Noticed Robin
  2033 | D:3      | Reached XP level 5. HP: 55/55 MP: 4/4
  2048 | D:3      | Killed Robin
  2376 | D:3      | Found a stormy altar of Qazlal.
  2496 | D:4      | Reached skill level 5 in Fighting
  2648 | D:4      | Noticed Grinder
  2648 | D:4      | Paralysed by Grinder for 5 turns
  2659 | D:4      | Paralysed by Grinder for 3 turns
  2667 | D:4      | Killed Grinder
  2667 | D:4      | Reached * piety under Okawaru
  2668 | D:4      | Reached skill level 6 in Fighting
  2668 | D:4      | Reached XP level 6. HP: 45/68 MP: 5/5
  3320 | D:5      | Entered Level 5 of the Dungeon
  3332 | D:5      | Reached XP level 7. HP: 74/76 MP: 6/6
  3436 | D:5      | Reached skill level 7 in Fighting
  3606 | D:5      | Noticed Eustachio
  3646 | D:5      | HP: 3/78 [river rat[Eustachio] (2)]
  3650 | D:5      | Succumbed to Eustachio's poison

Illustrated notes

Levels and vault maps discovered:
D:1:      dpeg_arrival_subterranean_lakeside_camping, layout_basic,
          hellmonk_ecumenical_altar_leap_of_faith
D:2:      layout_rooms, basic_altar
D:3:      layout_loops_cross, mainiacjoe_overflow_24_doors,
          minmay_strange_pillars, kennysheep_generic_room_10, uniq_robin
D:4:      layout_basic, uniq_grinder
D:5:      layout_rooms, grunt_ministairs_11, uniq_eustachio

Skill      XL: |  1  2  3  4  5  6  7 |
---------------+----------------------+-----
Fighting       | 3 4 6 7 |  7.5
Dodging        | |  2.4
Shields        | |  2.4
Unarmed Combat | |  2.0

Action                   |  1- 3 |  4- 6 |  7- 9 || total
-------------------------+-------+-------+-------++-------
Melee: Unarmed           |    60 |       |       ||    60
       Lajatang          |    63 |   129 |    92 ||   284
Invok: Heroism           |       |       |     1 ||     1
  Use: Scroll            |       |     8 |     1 ||     9
       Potion            |       |     1 |     3 ||     4
 Stab: Sleeping          |       |     1 |       ||     1
Armor: Robe              |    70 |    62 |    54 ||   186
       Skin              |       |       |     8 ||     8
Dodge: Dodged            |    82 |    83 |    82 ||   247
Block: Kite shield       |    21 |       |       ||    21
